 Dungeon Crawl Stone Soup version 0.29-a0-90-gc37658a0fe (webtiles) character file.

Game seed: 3312305515198148671

111 riojii the Insei (level 4, -3/29 HPs)
             Began as an Octopode Transmuter on Feb 6, 2022.
             Slain by Ijyb (5 damage)
             ... on level 3 of the Dungeon.
             The game lasted 00:04:35 (4159 turns).

riojii the Insei (Octopode Transmuter)              Turns: 4159, Time: 00:04:36

Health: -3/29      AC:  1    Str:  9    XL:     4   Next: 92%
Magic:  6/7        EV: 13    Int: 17    God:
Gold:   73         SH:  0    Dex: 14    Spells: 6/7 levels left

rFire   . . .      SeeInvis .     - Unarmed
rCold   . . .      Faith    .   (no shield)
rNeg    . . .      Spirit   .   (helmet currently unavailable)
rPois   .          Reflect  .   (no amulet)
rElec   .          Harm     .   (no ring)
rCorr   .          Rampage  .   (no ring)
Will    .....                   (no ring)
Stlth   ++........              (no ring)
HPRegen 0.09/turn               (no ring)
MPRegen 0.10/turn               (no ring)
                                (no ring)
                                (no ring)

@: appendages, attractive
A: tentacle spike 3, almost no armour, amphibious, 8 rings, camouflage 1,
gelatinous body 1, (nimble swimmer 1), tentacles, clever 1
a: End Transformation


You were on level 3 of the Dungeon.
One of your tentacles had grown a beastly spike.
You visited 1 branch of the dungeon, and saw 3 of its levels.

You collected 73 gold pieces.

Inventory:

Scrolls
 e - a scroll of immolation
Potions
 f - 2 potions of ambrosia


   Skills:
 + Level 1.7 Fighting
 + Level 2.6 Dodging
 * Level 3.9 Unarmed Combat
 + Level 2.4 Spellcasting
 * Level 3.0 Transmutations


You had 6 spell levels left.
You knew the following spells:

 Your Spells              Type           Power      Damage    Failure   Level
a - Beastly Appendage     Tmut           24%        N/A       5%          1

Your spell library contained the following spells:

 Spells                   Type           Power      Damage    Failure   Level
 Wereblood                Tmut           12%        N/A       8%          2
 Spider Form              Tmut/Pois      7%         N/A       30%         3
 Ice Form                 Ice/Tmut       7%         N/A       69%         4


Dungeon Overview and Level Annotations

Branches:
Dungeon (3/15)

Altars:

Annotations:
D:3 Grinder, Ijyb


Innate Abilities, Weirdness & Mutations

One of your tentacles has grown a beastly spike.
You cannot wear most types of armour.
You are amphibious.
You can wear up to eight rings at the same time.
Your skin changes colour to match your surroundings (Stealth+).
Your rubbery body absorbs attacks. (AC +1, EV +1)
((You are camouflaged when in or above water. (Stealth+)))
You have tentacles for arms and can constrict up to eight enemies at once.
Your mind is acute. (Int +2)


Message History

Ijyb zaps a wand.
The puff of flame hits you!
* * * LOW HITPOINT WARNING * * *
Ijyb zaps a wand.
The puff of flame misses you.
There is an open door here.
There is a stone staircase leading up here.
You climb upwards.
There is a stone staircase leading down here.
You start resting.
HP restored.
You climb downwards.
Level annotation: Grinder, Ijyb
There is a stone staircase leading up here.
As you read the scroll labelled SUWUAPTEMPA, it crumbles to dust.
You feel aware of your surroundings.
It was a scroll of magic mapping.
It was a potion of mutation.
You feel extremely strange.
You feel clever. Ijyb hits you with a +0 dagger.
It was a potion of attraction.
You feel attractive to monsters. Ijyb hits you with a +0 dagger.
It was a potion of magic.
Magic courses through your body. Ijyb barely misses you.
One of your tentacles grows a vicious spike.
Ijyb zaps a wand.
The puff of flame hits you!
You tentacle-slap Ijyb. You grab Ijyb.
You pierce Ijyb, but do no damage.
Ijyb is lightly wounded.
You constrict Ijyb. Ijyb hits you but does no damage.
You tentacle-slap Ijyb but do no damage.
You pierce Ijyb.
You tentacle-slap Ijyb, but do no damage.
You squeeze Ijyb!
Ijyb is severely wounded.
You constrict Ijyb, but do no damage.
Ijyb zaps a wand.
The puff of flame hits you!
* * * LOW HITPOINT WARNING * * *
You tentacle-slap Ijyb but do no damage.
You pierce Ijyb, but do no damage.
Ijyb is severely wounded.
You constrict Ijyb. Ijyb hits you with a +0 dagger.
You die...

,* #.#.....≈#≈≈≈≈#≈##......... ,*
#.#.###..#≈≈#≈≈≈≈...##..##. ,*
#.#.###..≈##≈≈###...##..##. .*
#.#..##.)..#≈##.....##..... #*
#.......(...............##. #
####.######....###########. #
##.# ##.....## ####. #
##..#####.......## ##.##.
########.....##g@.......####..†..
..............'.........+........
########...#.##.........####.....
# #..†..#.###.......## ##..#. #
#.#.###.# ##.....## ###.. #
#.#.###.# ##...## ##. # #.#.....#
##+## #. #.####### #.# #.
#####.##### #.# #.


You could see Ijyb.

Vanquished Creatures
  Jessica (D:2)
  3 adders (D:2)
  A worm (D:2)
  2 dart slugs (D:1)
  5 ball pythons
  6 endoplasms
  4 giant cockroaches
  4 goblins
  2 quokkas (D:2)
  8 bats
  8 frilled lizards
  2 kobolds (D:1)
  9 rats
55 creatures vanquished.

Notes
Turn   | Place    | Note
-------+----------+-------------------------------------------
     0 | D:1      | riojii the Octopode Transmuter began the quest for the Orb.
     0 | D:1      | Reached XP level 1. HP: 13/13 MP: 3/3
   148 | D:1      | Reached XP level 2. HP: 16/18 MP: 3/5
   943 | D:1      | Found a faded altar of an unknown god.
  1000 | D:1      | Reached XP level 3. HP: 21/23 MP: 4/6
  1854 | D:2      | Noticed Jessica
  1881 | D:2      | Killed Jessica
  1882 | D:2      | Reached XP level 4. HP: 25/28 MP: 5/7
  3267 | D:3      | Noticed Grinder
  3320 | D:3      | HP: 1/29 [Grinder/nerve-wracking pain (13)]
  3831 | D:3      | Noticed Ijyb
  4153 | D:3      | Gained mutation: Your mind is acute. (Int +2) [potion of
                  | mutation]
  4159 | D:3      | Slain by Ijyb

Illustrated notes

Levels and vault maps discovered:
D:1:      psy_arrival_radial02, layout_basic,
          shapermc_ecumenical_altar_mp_vishouse
D:2:      layout_loops_ring, kennysheep_big_empty_room,
          minmay_tree_intersection, minivault_26, nicolae_elevator_lobby_plus,
          uniq_jessica
D:3:      layout_loops_corners, minivault_4, uniq_ijyb, uniq_grinder,
          uniq_terence

Skill      XL: |  1  2  3  4 |
---------------+-------------+-----
Transmutations | 3 |  3.0
Fighting       | |  1.7
Dodging        | |  2.6
Unarmed Combat | |  3.9
Spellcasting   | |  2.4

Action                   |  1- 3 |  4- 6 || total
-------------------------+-------+-------++-------
Melee: Unarmed           |    71 |    43 ||   114
       Constrict         |    17 |    16 ||    33
       Kick              |    13 |    16 ||    29
       Tentacles         |    15 |    10 ||    25
       Punch             |     1 |     3 ||     4
 Cast: Beastly Appendage |    22 |    16 ||    38
  Use: Scroll            |       |     4 ||     4
       Potion            |       |     3 ||     3
 Stab: Sleeping          |     7 |     3 ||    10
Armor: Skin              |     6 |     2 ||     8
Dodge: Dodged            |    48 |    21 ||    69

Table legend: (Time is in decaauts)
 A = Elapsed time spent in this place.
 B = Non-inter-level travel time spent in this place.
 C = Inter-level travel time spent in this place.
 D = Time resting spent in this place.
 E = Time spent auto-exploring this place.
 F = Levels seen in this place.
 G = Mean time per level.
                   A        B        C        D        E       F      G
               +--------+--------+--------+--------+--------+-----+--------+
         Total |   4152 |   4070 |     82 |    598 |   3020 |   3 | 1384.0 |
       Dungeon |   4152 |   4070 |     82 |    598 |   3020 |   3 | 1384.0 |
               +--------+--------+--------+--------+--------+-----+--------+

Top non-repeatable levels by time:
     D:2: 1872 daAuts
     D:1: 1621 daAuts
     D:3: 659 daAuts
